 Dungeon Crawl Stone Soup version 0.31-a0-188-g5e087ee2ca (webtiles) character file.

Game seed: 15981157765965157967

119 qw the Skirmisher (level 4, -26/25 HPs)
             Began as a Deep Elf Hunter on June 23, 2023.
             Annihilated by an ogre
             ... wielding a +0 giant club
              (27 damage)
             ... on level 4 of the Dungeon.
             The game lasted 00:00:29 (1174 turns).

qw the Skirmisher (Deep Elf Hunter)                 Turns: 1174, Time: 00:00:29

Health: -26/25     AC:  7    Str: 10    XL:     4   Next: 74%
Magic:  6/6        EV:  9    Int: 14    God:
Gold:   76         SH:  0    Dex: 18    Spells: 3/3 levels left

rFire   . . .        Y - +0 shortbow
rCold   . . .        (shield currently unavailable)
rNeg    . . .        g - +0 scale mail
rPois   .            i - +0 helmet {SInv}
rElec   .            (no cloak)
rCorr   .            (no gloves)
SInv    +            (no boots)
Will    .....        (no amulet)
Stlth   +            (no ring)
HPRegen 0.24/turn    (no ring)
MPRegen 0.10/turn

%: no passive effects
@: no status effects
A: no striking features
a: no special abilities


You were on level 4 of the Dungeon.
You visited 1 branch of the dungeon, and saw 3 of its levels.

You collected 76 gold pieces.


   Skills:
 - Level 1.5 Fighting
 + Level 8.2 Ranged Weapons
 - Level 2.4 Dodging
 - Level 1.2 Stealth


You had 3 spell levels left.
You didn't know any spells.
Your spell library was empty.

Inventory:

Hand Weapons
 Y - a +0 shortbow (weapon)
Armour
 b - a +1 ring mail of willpower
 g - a +0 scale mail (worn)
 i - a +0 helmet of see invisible (worn)
Scrolls
 a - a scroll of fog {unknown}
 c - a scroll of blinking {unknown}
 j - a scroll of identify
Potions
 f - a potion of magic {unknown}
 h - a potion of resistance {unknown}
 k - a potion of enlightenment {unknown}
 l - a potion of curing {unknown}

Dungeon Overview and Level Annotations

Branches:
Dungeon (4/15)
 Temple: D:4-7

Altars:
Trog


Message History

The orc shouts!
The orc moves out of view.
Found a scroll of immolation.
You shoot an arrow. The arrow closely misses the orc.
You shoot an arrow. The arrow barely misses the orc.
A quokka comes into view.
You shoot an arrow. The arrow completely misses the orc.
You shoot an arrow. The arrow barely misses the orc.
The quokka misses you. The orc barely misses you.
The quokka bites you but does no damage.
The orc completely misses you.
You shoot an arrow. The arrow hits the orc.
The orc is lightly wounded.
The quokka misses you. The orc barely misses you.
The quokka closely misses you.
You shoot an arrow. The arrow hits the orc!
You kill the orc!
The quokka bites you but does no damage.
You shoot an arrow. The arrow hits the quokka!
You kill the quokka!
You now have 76 gold pieces (gained 16).
An ogre comes into view. It is wielding a +0 giant club.
The ogre shouts!
Enter note: You shoot an arrow.
The arrow completely misses the ogre.
You shoot an arrow. The arrow hits the ogre!
The ogre is moderately wounded.
You shoot an arrow. The arrow hits the ogre.
The ogre is moderately wounded.
You shoot an arrow.
The arrow hits the ogre but does no damage.
The ogre is moderately wounded.
You shoot an arrow. The arrow hits the ogre.
The ogre is heavily wounded.
The ogre hits you with a +0 giant club!!
Ouch! That really hurt!
You shoot an arrow. The arrow hits the ogre.
The ogre is severely wounded.
The ogre hits you with a +0 giant club!!
Ouch! That really hurt!
You die...

#. ##.#
#.#.....##
#.#
#.##..##
#.## #..
#... #..##
...# <.#:#
##..# ..##
##.#
##.######.#
#).......#
#....#.####
#?...####@#
...### #O#
..# #.. #
##.. #..
#.. #.# ..


You could see an ogre.

Vanquished Creatures
  2 iguanas (D:4)
  3 adders
  A dart slug (D:1)
  2 orcs (D:4)
  3 endoplasms
  A giant cockroach (D:1)
  2 goblins
  2 hobgoblins
  4 jackals (D:2)
  4 kobolds
  3 quokkas (D:4)
  4 ball pythons (D:1)
  4 frilled lizards (D:1)
  A rat (D:1)
36 creatures vanquished.

Notes
Turn   | Place    | Note
-------+----------+-------------------------------------------
     0 | D:1      | qw the Deep Elf Hunter began the quest for the Orb.
     0 | D:1      | Reached XP level 1. HP: 12/12 MP: 3/3
     0 | D:1      | 0 ||| qw: Version: 0.3-a-9-g12657ce
     0 | D:1      | 0 ||| qw: Game counter: 3294
     0 | D:1      | 0 ||| qw: Always use a shield: true
     0 | D:1      | 0 ||| qw: God list: Okawaru
     0 | D:1      | 0 ||| qw: Allow faded altars: false
     0 | D:1      | 0 ||| qw: Do Orc after D:15 true
     0 | D:1      | 0 ||| qw: Do second Lair branch before Depths: true
     0 | D:1      | 0 ||| qw: Lair rune preference: random
     0 | D:1      | 0 ||| qw: Plans: Normal
     0 | D:1      | 0 ||| PLANNING D:1-11
   160 | D:1      | Reached XP level 2. HP: 16/16 MP: 4/4
   195 | D:1      | Reached skill level 6 in Ranged Weapons
   234 | D:1      | 234 ||| FLEEEEING.
   816 | D:1      | 816 ||| UPGRADING to +0 scale mail.
   826 | D:1      | 826 ||| DROPPING +0 leather armour.
   827 | D:1      | 827 ||| UPGRADING to +0 helmet of see invisible.
   832 | D:1      | 832 ||| READING scroll labelled MILIANIU BIDUQ.
   833 | D:1      | 833 ||| READING scroll labelled CEULAH XIEHASS.
   834 | D:1      | 834 ||| READING 2 scrolls labelled ICLECSO HAUJ.
   835 | D:1      | 835 ||| DROPPING scroll of butterflies.
   921 | D:2      | Reached XP level 3. HP: 11/20 MP: 5/5
   962 | D:2      | Reached skill level 7 in Ranged Weapons
   977 | D:2      | You fall into a shaft and drop 2 floors!
   979 | D:4      | Found a bloodstained altar of Trog.
   997 | D:4      | Reached XP level 4. HP: 15/25 MP: 6/6
  1136 | D:4      | Reached skill level 8 in Ranged Weapons
  1168 | D:4      | Noticed an ogre
  1173 | D:4      | HP: 1/25 [ogre/+0 giant club (24)]
  1174 | D:4      | Annihilated by an ogre

Levels and vault maps discovered:
D:1:      tarquinn_simple_flora_water_a, layout_basic, minmay_tetromino_s4
D:2:      layout_loops_ring, chequers_serial_rivers_large_a,
          wander_ebering_terrifying_dragon_lair
D:4:      layout_rooms, bloody_trog, kennysheep_generic_room_7

Skill      XL: |  1  2  3  4 |
---------------+-------------+-----
Ranged Weapons | 6 7 8 |  8.2
Fighting       | |  1.5
Dodging        | |  2.4
Stealth        | |  1.2

Action                     |  1- 3 |  4- 6 || total
---------------------------+-------+-------++-------
   Fire: Shortbow          |    83 |    39 ||   122
    Use: Scroll            |     3 |       ||     3
 Armour: Leather armour    |     5 |       ||     5
         Scale mail        |    15 |     8 ||    23
  Dodge: Dodged            |    27 |    10 ||    37

Table legend:
 A = Non-vault XP
 B = Vault XP
 C = Vault XP percentage of total XP
 D = Non-vault monster count
 E = Vault monster count
 F = Vault count percentage of total count
                 A         B        C        D         E       F
            +---------+---------+-------+---------+---------+-------
      Total |     169 |       2 |   1.2 |      34 |       2 |   5.6
            +---------+---------+-------+---------+---------+-------
        D:1 |      27 |       2 |   6.9 |      16 |       2 |  11.1
        D:2 |      36 |       0 |   0.0 |       7 |       0 |   0.0
        D:4 |     106 |       0 |   0.0 |      11 |       0 |   0.0
            +---------+---------+-------+---------+---------+-------
